[Event "Team 45 45 League T34"]
[Site "Internet Chess Club"]
[Date "2007.08.11"]
[Round "4"]
[White "conron"]
[Black "havertown"]
[Result "1-0"]
[WhiteElo "1220"]
[BlackElo "1172"]
[Opening "Sicilian: Grand Prix attack"]
[ECO "B21"]
[Time "19:59:31"]
[TimeControl "2700+45"]

1. e4 c5 2. f4 g6 3. Nf3 Bg7 4. Bc4 Nc6 5. Nc3 e6 6. d3 Nf6 7. Be3 b6 8. Qd2 Ng4
9. O-O-O e5 10. fxe5 Ngxe5 11. Nxe5 Nxe5 12. Bd5 Rb8 13. d4 cxd4 14. Bxd4 f6 15.
Nb5 Bf8 16. Nxa7 Ng4 17. Nxc8 Rxc8 18. h3 Bh6 19. hxg4 Bxd2+ 20. Rxd2 h5 21. Rf2
Ke7 22. Bxf6+ Kd6 23. Bxd8 Rcxd8 24. Rf6+ Ke5 25. Rxg6 hxg4 26. Rxh8 Rxh8 27.
Rxb6 Kf4 28. Rb3 Rh2 29. g3+ Ke5 30. a4 Kd4 31. a5 Rh1+ 32. Kd2 Rh2+ 33. Ke1
Rxc2 34. a6 Rc1+ 35. Kd2 Ra1 36. Ra3 {Black resigns} 1-0

[Event "Team 45 45 League T34"]
[Site "Internet Chess Club"]
[Date "2007.08.12"]
[Round "4"]
[White "rshea11"]
[Black "WannaB"]
[Result "1-0"]
[WhiteElo "1235"]
[BlackElo "1049"]
[Opening "Sicilian: Najdorf, 6.Bg5"]
[ECO "B94"]
[Time "21:32:26"]
[TimeControl "2700+45"]

1. e4 c5 2. Nf3 d6 3. d4 cxd4 4. Nxd4 Nf6 5. Nc3 a6 6. Bg5 Nc6 7. Bc4 e6 8. O-O
Be7 9. Be3 O-O 10. Na4 Qc7 11. Nxc6 bxc6 12. Nb6 Rb8 13. Nxc8 Qxc8 14. Qd4 e5
15. Qa7 Re8 16. Bxa6 Qd8 17. b3 Qd7 18. Rad1 Ra8 19. Qxd7 Nxd7 20. Bb7 Rxa2 21.
Bxc6 Rxc2 22. Bxd7 Rd8 23. Ba4 h6 24. Rc1 Rxc1 25. Rxc1 Bg5 26. Bxg5 hxg5 27. f3
g6 28. Rc6 f5 29. b4 Kf8 30. b5 Ra8 31. Ra6 Rc8 32. Rxd6 Rc1+ 33. Kf2 Ra1 34.
Ra6 Ra2+ 35. Ke3 f4+ 36. Kd3 Rxg2 37. Rxg6 Rg1 38. b6 Rd1+ 39. Bxd1 Kf7 40. Rxg5
Kf6 41. Rf5+ Ke6 42. b7 Kd7 43. b8=Q {Black resigns} 1-0

[Event "Team 45 45 League T34"]
[Site "Internet Chess Club"]
[Date "2007.08.13"]
[Round "4"]
[White "strudel"]
[Black "JustinZ"]
[Result "0-1"]
[WhiteElo "1489"]
[BlackElo "1269"]
[Opening "Ruy Lopez: exchange variation, 5.O-O"]
[ECO "C68"]
[Time "15:54:42"]
[TimeControl "2700+45"]

1. e4 e5 2. Nf3 Nc6 3. Bb5 a6 4. Bxc6 dxc6 5. O-O Bg4 6. d3 Nf6 7. Be3 Be7 8.
Nbd2 O-O 9. a3 Nh5 10. h3 Bxh3 11. gxh3 Qd7 12. Kh2 f5 13. Nxe5 Qd6 14. f4 fxe4
15. Qxh5 exd3 16. Rg1 Bf6 17. cxd3 Bxe5 18. Qf5 Rxf5 19. Nc4 Bxf4+ 20. Bxf4
Qxf4+ 21. Kh1 Qf3+ 22. Kh2 Re8 23. Rg2 Re2 24. Rxe2 Qxe2+ 25. Kh1 Rf1+ 26. Rxf1
Qxf1+ 27. Kh2 Qxd3 {White resigns} 0-1

[Event "Team 45 45 League T34"]
[Site "Internet Chess Club"]
[Date "2007.08.09"]
[Round "4"]
[White "nathesh"]
[Black "beerss"]
[Result "0-1"]
[WhiteElo "1383"]
[BlackElo "1420"]
[Opening "Scandinavian: Icelandic gambit"]
[ECO "B01"]
[Time "19:42:14"]
[TimeControl "2700+45"]

1. e4 d5 2. exd5 Nf6 3. c4 e6 4. dxe6 Bxe6 5. Nc3 Bb4 6. d3 Nc6 7. d4 Nxd4 8.
Bd2 c5 9. Nge2 O-O 10. g3 Nf3# {White checkmated} 0-1

[Event "Team 45 45 League T34"]
[Site "Internet Chess Club"]
[Date "2007.08.13"]
[Round "4"]
[White "Russ"]
[Black "rgadoury"]
[Result "1/2-1/2"]
[WhiteElo "1237"]
[BlackElo "1247"]
[Opening "Queen's pawn game"]
[ECO "E10"]
[Time "10:00:24"]
[TimeControl "2700+45"]

1. d4 Nf6 2. c4 e6 3. Nf3 c5 4. Bg5 h6 5. Bh4 Nc6 6. e3 Qa5+ 7. Qd2 Qxd2+ 8.
Nbxd2 cxd4 9. Nxd4 Nxd4 10. exd4 Bb4 11. a3 Bxd2+ 12. Kxd2 d6 13. Bxf6 gxf6 14.
f4 f5 15. g3 Rb8 16. b4 a6 17. Re1 O-O 18. c5 dxc5 19. dxc5 Bd7 20. Bg2 Rfd8 21.
Kc3 Ba4 22. Bf3 {Game drawn by mutual agreement} 1/2-1/2

[Event "Team 45 45 League T34"]
[Site "Internet Chess Club"]
[Date "2007.08.13"]
[Round "4"]
[White "RD1974"]
[Black "Morpheous"]
[Result "0-1"]
[WhiteElo "1609"]
[BlackElo "1979"]
[Opening "Scandinavian (center counter) defense"]
[ECO "B01"]
[Time "18:28:54"]
[TimeControl "2700+45"]

1. e4 d5 2. exd5 Qxd5 3. Nc3 Qe6+ 4. Be2 Qg6 5. Bf3 Nf6 6. Nge2 e5 7. Ng3 Bc5 8.
O-O O-O 9. Re1 Nc6 10. Nce4 Bb6 11. d3 Be6 12. Be3 Bxe3 13. Rxe3 Nd7 14. Re1 f5
15. Nc3 f4 16. Nge4 Nd4 17. Nd2 c6 18. Nce4 Bh3 19. Kh1 Nxf3 20. gxh3 Nxe1 21.
Qxe1 Rae8 22. Nf3 Qh5 23. Ng1 Nf6 24. f3 Nd5 25. Qf2 Ne3 26. b3 Re6 27. Re1 Rg6
28. Qd2 Re8 29. a3 Ree6 30. Re2 b6 31. a4 c5 32. a5 Rxg1+ 33. Kxg1 Rg6+ 34. Kh1
Qxf3+ 35. Rg2 Qf1+ {White resigns} 0-1

[Event "Team 45 45 League T34"]
[Site "Internet Chess Club"]
[Date "2007.08.14"]
[Round "4"]
[White "GolfSuper"]
[Black "clarinetref"]
[Result "1-0"]
[WhiteElo "1648"]
[BlackElo "1615"]
[Opening "Pirc defense"]
[ECO "B07"]
[Time "21:09:45"]
[TimeControl "2700+45"]

1. e4 d6 2. d4 Nf6 3. Nc3 g6 4. f3 Bg7 5. Be3 c6 6. Bc4 b5 7. Bb3 a5 8. a3 O-O
9. Qd2 Bb7 10. O-O-O b4 11. Nb1 a4 12. Qxb4 axb3 13. Qxb7 bxc2 14. Kxc2 Ra5 15.
Nc3 Ra6 16. Qb4 Qc7 17. Qc4 Rc8 18. Nge2 Nfd7 19. h4 Nb6 20. Qb3 e5 21. h5 c5
22. dxc5 dxc5 23. hxg6 c4 24. gxh7+ Kh8 25. Qb5 N6d7 26. Nd5 Qd8 27. Nec3 Ra5
28. Bb6 Rxb5 29. Bxd8 Rb3 30. Ba5 Nc5 31. Bb4 Ne6 32. Nb6 Re8 33. Nxc4 Nd4+ 34.
Kb1 Nbc6 35. Nd6 Rf8 36. Nd5 Nxb4 37. Nxb4 f5 38. Rc1 Nb5 39. Nxb5 fxe4 40. fxe4
Re3 41. Nd6 Re2 42. Rc8 Rxc8 43. Nf7# {Black checkmated} 1-0

[Event "Team 45 45 League T34"]
[Site "Internet Chess Club"]
[Date "2007.08.12"]
[Round "4"]
[White "jazzyrick"]
[Black "PawnSensei"]
[Result "1-0"]
[WhiteElo "1599"]
[BlackElo "1467"]
[Opening "Scotch: Mieses variation"]
[ECO "C45"]
[Time "21:36:40"]
[TimeControl "2700+45"]

1. e4 e5 2. Nf3 Nc6 3. d4 exd4 4. Nxd4 Nf6 5. Nxc6 bxc6 6. e5 Qe7 7. Qe2 Nd5 8.
c4 Ba6 9. b3 g6 10. Bb2 Bg7 11. Nd2 O-O 12. Qe4 Nb6 13. Bd3 Rfe8 14. O-O Bxe5
15. Rae1 d5 16. Qxe5 Qxe5 17. Rxe5 dxc4 18. Nxc4 Nd5 19. Rfe1 Red8 20. Nb6 axb6
21. Bxa6 Nb4 22. Bf1 Nxa2 23. Re7 Rac8 24. R1e4 b5 25. Be5 Kf8 26. Bxc7 Nc3 27.
Bxd8 Nxe4 28. Rxe4 Rxd8 29. Re3 b4 30. g3 c5 31. Bc4 f6 32. Re6 Kf7 33. Rc6+ Ke7
34. Rxc5 Rd7 35. Rb5 {Black resigns} 1-0

[Event "Team 45 45 League T34"]
[Site "Internet Chess Club"]
[Date "2007.08.09"]
[Round "4"]
[White "strudel"]
[Black "Aquaman"]
[Result "1-0"]
[WhiteElo "1515"]
[BlackElo "1448"]
[Opening "Scandinavian (center counter) defense"]
[ECO "B01"]
[Time "15:04:04"]
[TimeControl "2700+45"]

1. e4 d5 2. exd5 Qxd5 3. Nc3 Qa5 4. d4 c6 5. Bc4 Bf5 6. Bd2 e6 7. Nf3 Qd8 8. h3
Nf6 9. g4 Bg6 10. Qe2 h6 11. O-O-O Nd5 12. Ne5 Qf6 13. Nxg6 Qxg6 14. a3 Bd6 15.
Bxd5 cxd5 16. Nxd5 O-O 17. Nf4 Bxf4 18. Bxf4 Nc6 19. Qb5 Qf6 20. Be3 Qe7 21. g5
a6 22. Qc5 Qxc5 23. dxc5 h5 24. Rd7 Rab8 25. Bf4 e5 26. Bg3 g6 27. h4 Rfe8 28.
c3 Re6 29. b4 f5 30. gxf6 Rxf6 31. Re1 Re6 32. a4 b5 33. axb5 axb5 34. Red1 Rbe8
35. R1d6 e4 36. Rc7 Nd8 37. Rc8 Rxd6 38. cxd6 Kf8 39. d7 Re6 40. Rxd8+ Ke7 41.
Rb8 Kxd7 42. Rxb5 e3 43. f3 e2 44. Kd2 Kc6 45. Re5 Rf6 46. Kxe2 Kd7 47. Ke3 Ra6
48. Ra5 Rc6 49. Kd4 Re6 50. c4 Re2 51. Rg5 Re6 52. b5 Rb6 53. Kc5 Rf6 54. Kb4
Re6 55. c5 Rf6 56. b6 Kc8 57. Kb5 Kb7 58. Kc4 Kc6 59. Kd4 Kb7 60. Ke5 Rc6 61.
Kd5 Rf6 62. Bc7 Rc6 63. f4 Rf6 64. Ke5 Rc6 65. Bd6 Kc8 66. Rxg6 Kd7 67. Rg7+ Kc8
68. b7+ {Black resigns} 1-0

[Event "Team 45 45 League T34"]
[Site "Internet Chess Club"]
[Date "2007.08.13"]
[Round "4"]
[White "mickeys"]
[Black "Theodulf"]
[Result "1-0"]
[WhiteElo "1684"]
[BlackElo "1660"]
[Opening "QGA, 4.e3"]
[ECO "D25"]
[Time "20:00:27"]
[TimeControl "2700+45"]

1. d4 d5 2. Nf3 Nf6 3. c4 dxc4 4. e3 a6 5. Bxc4 b5 6. Bd3 Bb7 7. O-O e6 8. Nc3
c5 9. dxc5 Bxc5 10. Nd4 O-O 11. Nf3 Nbd7 12. Qe2 Qc7 13. Bd2 Kh8 14. Rac1 Rac8
15. b4 Bxf3 16. gxf3 Bd6 17. f4 Qb7 18. a3 Nb6 19. e4 e5 20. f5 Nc4 21. Bg5 Be7
22. Bxf6 Bxf6 23. Nd5 Bg5 24. Rc3 Nb6 25. Rxc8 Rxc8 26. Qg4 f6 27. h4 Bh6 28.
Nxb6 Qxb6 29. Qe2 Rc3 30. Rd1 Rc8 31. Bc2 Qc7 32. Bb3 Bf4 33. Qd3 h6 34. Be6 Rf8
35. Qd5 Qb6 36. Rd3 Qc7 37. Qb3 Rd8 38. Qd1 Rxd3 39. Qxd3 Qe7 40. Qd5 Bc1 41.
Qa8+ Kh7 42. Qg8# {Black checkmated} 1-0

[Event "Team 45 45 League T34"]
[Site "Internet Chess Club"]
[Date "2007.08.13"]
[Round "4"]
[White "Relapse"]
[Black "GrandPoobah069"]
[Result "1/2-1/2"]
[WhiteElo "1601"]
[BlackElo "1654"]
[Opening "Sicilian: Alapin's variation (2.c3)"]
[ECO "B22"]
[Time "00:04:15"]
[TimeControl "2700+45"]

1. e4 c5 2. c3 d6 3. d4 cxd4 4. cxd4 Nf6 5. Bd3 Nc6 6. d5 Ne5 7. Bc2 g6 8. Nc3
Bg7 9. h3 O-O 10. Nf3 Ned7 11. O-O b6 12. Re1 Ne8 13. Nd4 Bb7 14. b4 Rc8 15.
Ncb5 Ra8 16. a4 a6 17. Na3 Rc8 18. Ra2 Ne5 19. f4 Nc4 20. Nc6 Bxc6 21. Nxc4 Bxa4
{Game drawn by mutual agreement} 1/2-1/2

[Event "Team 45 45 League T34"]
[Site "Internet Chess Club"]
[Date "2007.08.11"]
[Round "4"]
[White "IronWill"]
[Black "Gomer"]
[Result "1-0"]
[WhiteElo "1567"]
[BlackElo "1204"]
[Opening "Scotch opening"]
[ECO "C44"]
[Time "15:06:20"]
[TimeControl "2700+45"]

1. e4 e5 2. Nf3 Nc6 3. d4 d6 4. dxe5 dxe5 5. Qxd8+ Nxd8 6. Nxe5 Nf6 7. Nc3 Bb4
8. f3 O-O 9. Bg5 Nd7 10. Nd3 Bxc3+ 11. bxc3 f6 12. Bf4 c6 13. h4 Nf7 14. g4 Nde5
15. Nxe5 Nxe5 16. Bxe5 fxe5 17. Bc4+ Kh8 18. O-O b5 19. Bb3 Ba6 20. Rf2 c5 21.
Bd5 Rad8 22. a4 b4 23. cxb4 cxb4 24. Rb1 Rb8 25. Kg2 Rfd8 26. f4 exf4 27. Rxf4
Bb7 28. Rxb4 Bxd5 29. Rxb8 Rxb8 30. exd5 Kg8 31. Kf3 Rd8 32. c4 Rb8 33. d6 Rd8
34. c5 a5 35. Ke4 h6 36. Kd5 g5 37. hxg5 hxg5 38. Rf5 {Black resigns} 1-0

[Event "Team 45 45 League T34"]
[Site "Internet Chess Club"]
[Date "2007.08.10"]
[Round "4"]
[White "seldredg"]
[Black "curtintime"]
[Result "0-1"]
[WhiteElo "1363"]
[BlackElo "1416"]
[Opening "Queen's pawn game"]
[ECO "D00"]
[Time "22:02:29"]
[TimeControl "2700+45"]

1. d4 d5 2. e3 Bd7 3. Bd3 Nc6 4. Nf3 e6 5. a3 Bd6 6. O-O Nf6 7. c4 dxc4 8. Bxc4
O-O 9. Nc3 a6 10. Re1 b5 11. Bd3 Re8 12. e4 e5 13. Be3 Bg4 14. Be2 Bxf3 15. Bxf3
exd4 16. Bxd4 Bxh2+ 17. Kxh2 Nxd4 18. Qd3 Nxf3+ 19. Qxf3 Qd7 20. e5 Ng4+ 21. Kg1
Nxe5 22. Rxe5 Rxe5 23. Qxa8+ Re8 24. Rd1 Qxd1+ {White resigns} 0-1

[Event "Team 45 45 League T34"]
[Site "Internet Chess Club"]
[Date "2007.08.11"]
[Round "4"]
[White "slakkjaw"]
[Black "thalamus"]
[Result "0-1"]
[WhiteElo "1179"]
[BlackElo "1385"]
[Opening "Scandinavian (center counter) defense"]
[ECO "B01"]
[Time "12:15:16"]
[TimeControl "2700+45"]

1. e4 d5 2. d3 dxe4 3. Be3 Nf6 4. Nc3 exd3 5. Bxd3 a6 6. Nf3 Nbd7 7. O-O e6 8.
Qd2 b5 9. a3 Be7 10. b4 Bb7 11. Ng5 h6 12. Nge4 Nxe4 13. Nxe4 Ne5 14. Qe2 Nxd3
15. cxd3 O-O 16. Rad1 f5 17. Bxh6 gxh6 18. Qh5 Bg5 19. Qg6+ Kh8 20. Qxe6 fxe4
21. dxe4 Qf6 22. Qd7 Rad8 23. Qf5 Rxd1 24. Qxf6+ Bxf6 25. Rxd1 Bxe4 26. Re1 Bd3
27. g3 Kg7 28. f4 Kg6 29. Rd1 Bd4+ 30. Kg2 Be4+ 31. Kh3 Bb2 32. Re1 Re8 33. Re3
Bf5+ {White resigns} 0-1

[Event "Team 45 45 League T34"]
[Site "Internet Chess Club"]
[Date "2007.08.10"]
[Round "4"]
[White "moreffee"]
[Black "Gomer"]
[Result "0-1"]
[WhiteElo "1196"]
[BlackElo "1208"]
[Opening "Tennison (Lemberg, Zukertort) gambit"]
[ECO "A06"]
[Time "14:21:01"]
[TimeControl "2700+45"]

1. Nf3 d5 2. e4 dxe4 3. Ng5 Nf6 4. Nc3 Bg4 5. Be2 Bf5 6. Bc4 e6 7. f3 exf3 8.
Qxf3 Nc6 9. Nxf7 Nd4 10. Qxb7 Kxf7 11. O-O Bc5 12. Kh1 Nxc2 13. Rxf5 Nxa1 14.
Rxc5 Re8 15. Rxc7+ Kf8 16. Rf7+ Kg8 17. Rxg7+ Kh8 18. Rg3 Qd7 19. Qf3 Rf8 20.
Qd1 Rg8 21. Rf3 Qg7 22. Qf1 Rgf8 23. b3 Rae8 24. Bb2 Nc2 25. Nd1 e5 26. Rg3 Qd7
27. d3 Ne4 28. Rg8+ Rxg8 29. Bxg8 Kxg8 30. dxe4 Rf8 31. Qe2 Qf7 32. Kg1 Nd4 33.
Qc4 Qxc4 34. bxc4 Ne2+ {White resigns} 0-1

[Event "Team 45 45 League T34"]
[Site "Internet Chess Club"]
[Date "2007.08.10"]
[Round "4"]
[White "BosqueVerde"]
[Black "gilalva"]
[Result "1-0"]
[WhiteElo "1220"]
[BlackElo "1162"]
[Opening "King's Indian defense, 3.Nc3"]
[ECO "E61"]
[Time "12:00:14"]
[TimeControl "2700+45"]

1. d4 Nf6 2. c4 g6 3. Nc3 Bg7 4. Nf3 O-O 5. Qc2 Re8 6. Bg5 d6 7. e3 Bf5 8. Bd3
e6 9. O-O h6 10. Bxf6 Qxf6 11. h3 e5 12. Nd5 Qd8 13. Bxf5 gxf5 14. Qxf5 c6 15.
Nc3 Qf6 16. Qg4 Qg6 17. Nh2 Qxg4 18. Nxg4 h5 19. Nh2 exd4 20. exd4 Bxd4 21. Rad1
Be5 22. Nf3 Nd7 23. Ne4 Bh2+ 24. Kxh2 Rxe4 25. Rxd6 Nb6 26. b3 Re6 27. Rfd1 Re2
28. Rd8+ Rxd8 29. Rxd8+ Kg7 30. Rd2 Re6 31. Ng5 Rg6 32. h4 f6 33. Ne6+ Kf7 34.
Nf4 Rg8 35. c5 Nd5 36. Nxd5 Rd8 37. a4 Rxd5 38. Rxd5 cxd5 39. Kg3 Ke6 40. Kf3
Ke5 41. Ke3 d4+ 42. Kd3 Kd5 43. b4 f5 44. a5 a6 45. f4 Kc6 46. Kxd4 Kb5 47. Ke5
Kxb4 48. Kxf5 Kxc5 49. Ke6 Kb5 50. f5 Kxa5 51. f6 b5 52. f7 b4 53. f8=Q b3 54.
Qf4 b2 55. Qe4 Kb5 56. Qe2+ Kb4 57. Qxb2+ Kc4 58. Ke5 a5 59. Qa2+ Kd3 60. Qxa5
Ke2 61. Kf4 Kf2 62. Qxh5 Kxg2 63. Qg4+ Kh2 64. Kf3 {Black resigns} 1-0

[Event "Team 45 45 League T34"]
[Site "Internet Chess Club"]
[Date "2007.08.09"]
[Round "4"]
[White "EyeAm"]
[Black "Fidelian"]
[Result "0-1"]
[WhiteElo "1363"]
[BlackElo "1342"]
[Opening "Sicilian defense"]
[ECO "B20"]
[Time "14:10:06"]
[TimeControl "2700+45"]

1. e4 c5 2. c4 Nc6 3. Nc3 g6 4. d3 Bg7 5. Nf3 e6 6. Be2 Nge7 7. O-O O-O 8. Be3
b6 9. Qd2 d5 10. cxd5 exd5 11. exd5 Nxd5 12. Bh6 Bb7 13. Bxg7 Kxg7 14. Rad1 Nf6
15. Ng5 Nd4 16. Nge4 Nxe4 17. Nxe4 Qd5 18. b3 f5 {White forfeits on time} 0-1

[Event "Team 45 45 League T34"]
[Site "Internet Chess Club"]
[Date "2007.08.13"]
[Round "4"]
[White "uipawn"]
[Black "Cataclysm"]
[Result "0-1"]
[WhiteElo "1252"]
[BlackElo "1395"]
[Opening "French defense"]
[ECO "C00"]
[Time "20:00:57"]
[TimeControl "2700+45"]

1. e4 e6 2. Nf3 d5 3. e5 c5 4. c4 Ne7 5. Be2 Nbc6 6. d4 cxd4 7. cxd5 Nxd5 8. O-O
Nb6 9. Bg5 Qd7 10. Bb5 Bc5 11. Nbd2 O-O 12. Ne4 Nd5 13. Nxc5 Qc7 14. Re1 Nxe5
15. Rc1 Nxf3+ 16. Qxf3 Qa5 17. Bd7 Rb8 18. a3 b6 19. Bxc8 bxc5 20. Bd7 Rxb2 21.
Ra1 Ra2 22. Qd1 Nc3 23. Qc1 Ne2+ 24. Rxe2 Rxe2 25. Bh4 Rb8 26. Rb1 Rbb2 27. Rxb2
Re1+ 28. Qxe1 Qxe1# {White checkmated} 0-1

[Event "Team 45 45 League T34"]
[Site "Internet Chess Club"]
[Date "2007.08.12"]
[Round "4"]
[White "mallet"]
[Black "Ernie1"]
[Result "1-0"]
[WhiteElo "1716"]
[BlackElo "1681"]
[Opening "Caro-Kann: Steinitz variation"]
[ECO "B17"]
[Time "07:48:10"]
[TimeControl "2700+45"]

1. e4 c6 2. d4 d5 3. Nc3 dxe4 4. Nxe4 Nd7 5. Nf3 Ngf6 6. Nxf6+ Nxf6 7. h3 Bf5 8.
Bd3 Bxd3 9. Qxd3 e6 10. O-O Qc7 11. Re1 O-O-O 12. Qb3 Bd6 13. c4 b6 14. Bd2 h5
15. a4 g5 16. a5 Kd7 17. axb6 axb6 18. Bxg5 Be7 19. Ra6 Ng4 20. Bxe7 Kxe7 21.
Qa3+ Kf6 22. Ra7 Qf4 23. Qe7+ Kg6 24. Nh4+ Kg7 25. hxg4 hxg4 26. g3 {Black
resigns} 1-0

[Event "Team 45 45 League T34"]
[Site "Internet Chess Club"]
[Date "2007.08.09"]
[Round "4"]
[White "WoadRaider"]
[Black "reijo"]
[Result "1-0"]
[WhiteElo "1665"]
[BlackElo "1603"]
[Opening "Caro-Kann: Steinitz variation"]
[ECO "B17"]
[Time "12:47:54"]
[TimeControl "2700+45"]

1. e4 c6 2. d4 d5 3. Nc3 dxe4 4. Nxe4 Nd7 5. Nf3 Ngf6 6. Nxf6+ Nxf6 7. c3 Bf5 8.
Bd3 Bxd3 9. Qxd3 e6 10. Bg5 Qd5 11. Ne5 Qe4+ 12. Qxe4 Nxe4 13. Bf4 Bd6 14. f3
Nf6 15. O-O-O Nd5 16. Bg3 Ne3 17. Rde1 Nf5 18. Bf4 c5 19. g4 Ne7 20. Re4 Rd8 21.
Rd1 O-O 22. Kb1 Nd5 23. Bg3 a5 24. Nc4 Bxg3 25. hxg3 Nf6 26. Re3 cxd4 27. Rxd4
Rxd4 28. cxd4 Nd5 29. Rb3 Rb8 30. Nxa5 b6 31. Nc4 b5 32. Nd6 b4 33. Ne4 f6 34.
Nf2 e5 35. dxe5 fxe5 36. Nd3 Re8 37. Nxb4 Nf6 38. a4 e4 39. fxe4 Nxg4 40. a5
Rxe4 41. a6 Re8 42. a7 Ra8 43. Nc6 Kf7 44. Rb8 {Black resigns} 1-0

[Event "Team 45 45 League T34"]
[Site "Internet Chess Club"]
[Date "2007.08.09"]
[Round "4"]
[White "shakkiipe"]
[Black "NESKAYA"]
[Result "1-0"]
[WhiteElo "1595"]
[BlackElo "1695"]
[Opening "English opening"]
[ECO "A10"]
[Time "04:01:22"]
[TimeControl "2700+45"]

1. c4 b6 2. d4 Bb7 3. f3 Nf6 4. e4 e6 5. e5 Nh5 6. Qc2 Qh4+ 7. Qf2 Bb4+ 8. Bd2
Bxd2+ 9. Nxd2 Qxf2+ 10. Kxf2 g6 11. g4 Nf4 12. Nh3 Nxh3+ 13. Bxh3 Nc6 14. Nb3
O-O-O 15. Rhd1 d5 16. c5 Rhf8 17. a3 f6 18. exf6 Rxf6 19. g5 Rf4 20. Kg3 Rdf8
21. Bxe6+ Kb8 22. Bg4 Bc8 23. Rd3 Bxg4 24. fxg4 bxc5 25. Nxc5 Nxd4 26. Rxd4 Rxd4
27. Nd7+ Kb7 28. Nxf8 Rd3+ 29. Kh4 Rd2 30. b4 Rxh2+ 31. Kg3 Rc2 32. Nxh7 d4 33.
Rd1 Rc3+ 34. Kf4 d3 35. Ke4 Rxa3 36. Rxd3 Ra4 37. Rd4 a5 38. bxa5 Rxa5 39. Kf4
c5 40. Rc4 Rb5 41. Ke5 Rb4 42. Rxb4+ cxb4 43. Kd4 Kb6 44. Kc4 Ka5 45. Kb3 Kb5
46. Nf8 Kc5 47. Nxg6 Kd6 48. Kxb4 Ke6 49. Kc5 Kf7 50. Nf4 Ke7 51. Kd5 Kf7 52.
Ke5 Kg7 53. g6 Kg8 54. Kf6 Kf8 55. g7+ Kg8 56. Nd5 Kh7 57. Kf7 Kh6 58. g8=R Kh7
59. Nf6+ Kh6 60. g5# {Black checkmated} 1-0

[Event "Team 45 45 League T34"]
[Site "Internet Chess Club"]
[Date "2007.08.12"]
[Round "4"]
[White "Robski"]
[Black "Berkshires"]
[Result "1-0"]
[WhiteElo "1494"]
[BlackElo "1476"]
[Opening "Bird's opening"]
[ECO "A03"]
[Time "13:59:57"]
[TimeControl "2700+45"]

1. f4 d5 2. Nf3 Nc6 3. e3 Bg4 4. Bb5 Qd6 5. O-O O-O-O 6. Bxc6 Qxc6 7. Ne5 Bxd1
8. Nxc6 bxc6 9. Rxd1 Nf6 10. d3 e6 11. Nd2 Bc5 12. Nf3 Nd7 13. Bd2 Bb6 14. d4 c5
15. a4 a5 16. dxc5 Nxc5 17. Ne5 Rdf8 18. b4 Ne4 19. bxa5 Bc5 20. Nd3 Ba7 21. Bc1
d4 22. Re1 f5 23. Rb1 h6 24. Ne5 Rhg8 25. Nc6 Bc5 26. exd4 Bd6 27. a6 Kd7 28.
Ne5+ Bxe5 29. dxe5 Ke7 30. Ba3+ c5 31. Rb7+ Ke8 32. a7 {Black resigns} 1-0

[Event "Team 45 45 League T34"]
[Site "Internet Chess Club"]
[Date "2007.08.12"]
[Round "4"]
[White "Izeelden"]
[Black "Kingofknights"]
[Result "1/2-1/2"]
[WhiteElo "1771"]
[BlackElo "1791"]
[Opening "Caro-Kann defense"]
[ECO "B10"]
[Time "13:27:37"]
[TimeControl "2700+45"]

1. e4 c6 2. Nf3 d5 3. e5 d4 4. Bc4 e6 5. a4 Ne7 6. d3 Nf5 7. O-O c5 8. c3 Nc6 9.
Bb5 Bd7 10. Bxc6 Bxc6 11. Bg5 Be7 12. Bxe7 Qxe7 13. Na3 h5 14. Nc4 O-O-O 15. Na5
Qc7 16. Nxc6 Qxc6 17. c4 Rh6 18. Nd2 Rg6 19. Ne4 Rh8 20. Qd2 f6 21. b4 cxb4 22.
Qxb4 Kd7 23. a5 fxe5 24. Rab1 Rb8 25. Rb2 Nd6 26. f3 h4 27. c5 Nxe4 28. fxe4 Rf6
29. Rbf2 Ke7 30. a6 Kf7 31. Rxf6+ gxf6 32. Ra1 Kg6 33. Kf2 b6 34. Rc1 Rc8 35.
Rc4 bxc5 36. Qb7 Rc7 37. Qb8 Qb6 38. Qe8+ Rf7 39. Qg8+ Rg7 40. Qe8+ Kh6 41. Qh8+
Kg6 42. Qxh4 Kf7 43. Kf3 Qxa6 44. Qh5+ Rg6 45. Qh7+ Rg7 46. Qh5+ Kg8 47. Qe8+
Kh7 48. Qh5+ Kg8 49. Qe8+ Kh7 50. Qh5+ Kg8 51. Qe8+ Kh7 52. Qh5+ Kg8 53. Qe8+
Kh7 54. Qh5+ Kg8 55. Qe8+ Kh7 56. Qh5+ Kg8 57. Qe8+ Kh7 58. Qh5+ Kg8 59. Qe8+
Kh7 60. Qh5+ Kg8 61. Qe8+ Kh7 62. Qh5+ Kg8 63. Qe8+ Kh7 64. Qh5+ Kg8 65. Qe8+
Kh7 66. Qh5+ Kg8 67. Qe8+ Kh7 68. Qh5+ Kg8 69. Qe8+ Kh7 70. Qh5+ Kg8 71. Qe8+
Kh7 72. Qh5+ Kg8 73. Qe8+ Kh7 74. Qh5+ Kg8 75. Qe8+ Kh7 76. Qh5+ Kg8 77. Qe8+
Kh7 78. Qh5+ Kg8 79. Qe8+ Kh7 80. Qh5+ Kg8 81. Qe8+ Kh7 82. Qh5+ Kg8 83. Qe8+
{Game drawn by repetition} 1/2-1/2

[Event "Team 45 45 League T34"]
[Site "Internet Chess Club"]
[Date "2007.08.10"]
[Round "4"]
[White "TIP"]
[Black "Jozin"]
[Result "1-0"]
[WhiteElo "1557"]
[BlackElo "1571"]
[Opening "Four knights: Spanish, classical defense"]
[ECO "C48"]
[Time "12:56:32"]
[TimeControl "2700+45"]

1. e4 e5 2. Nf3 Nf6 3. Nc3 Nc6 4. Bb5 Bc5 5. Bxc6 bxc6 6. Nxe5 Bxf2+ 7. Kxf2
Nxe4+ 8. Nxe4 Qh4+ 9. Ng3 Qd4+ 10. Kf3 d6 11. Qe1 dxe5 12. Qe4 Qd6 13. Re1 f6
14. Nf5 Qd7 15. Nxg7+ Qxg7 16. Qxc6+ Bd7 17. Qxa8+ Kf7 18. Qd5+ Be6 19. Qe4 Rg8
20. Rg1 f5 21. Qh4 e4+ 22. Ke2 Bc4+ 23. Ke1 Qd4 24. Qf2 Qe5 25. Rb1 Qxh2 26.
Qxf5+ Kg7 27. Qf2 Rf8 28. Qe3 h6 29. Qd4+ Kg6 30. Qxe4+ Kg7 31. Qd4+ Kg6 32. d3
Qg3+ 33. Kd1 Rf4 34. Qxf4 Qxf4 35. Bxf4 {Black resigns} 1-0

[Event "Team 45 45 League T34"]
[Site "Internet Chess Club"]
[Date "2007.08.12"]
[Round "4"]
[White "Warpdrive"]
[Black "okun"]
[Result "1-0"]
[WhiteElo "1643"]
[BlackElo "1449"]
[Opening "Pirc: classical (two knights) system"]
[ECO "B08"]
[Time "18:21:43"]
[TimeControl "2700+45"]

1. e4 d6 2. d4 Nf6 3. Nc3 g6 4. Nf3 Bg7 5. Bd3 O-O 6. Be3 e5 7. dxe5 dxe5 8. O-O
Be6 9. Nxe5 Nxe4 10. Bxe4 Bxe5 11. Qxd8 Rxd8 12. Bxb7 Nd7 13. Bxa8 Rxa8 14. Rfd1
Nb6 15. Bd4 Bxd4 16. Rxd4 Re8 17. b4 a6 18. Re1 Kg7 19. f3 Kg8 20. a4 Kf8 21. a5
Nc4 22. Rxe6 Rxe6 23. Rxc4 c6 24. Ne4 f5 25. Nc5 Rd6 26. Nxa6 Ke7 27. Nb8 Kd8
28. Rd4 Kc7 29. Na6+ Kd7 30. Nc5+ Kc7 31. Rxd6 Kxd6 32. a6 Kc7 33. a7 {Black
resigns} 1-0

[Event "Team 45 45 League T34"]
[Site "Internet Chess Club"]
[Date "2007.08.11"]
[Round "4"]
[White "stpatzer"]
[Black "ADIOKiddo4Ever"]
[Result "1/2-1/2"]
[WhiteElo "1460"]
[BlackElo "1423"]
[Opening "Queen's pawn game"]
[ECO "A45"]
[Time "15:00:42"]
[TimeControl "2700+45"]

1. d4 Nf6 2. e3 g6 3. Nf3 Bg7 4. Bd3 O-O 5. O-O d6 6. Nbd2 Nc6 7. a3 e5 8. dxe5
dxe5 9. Re1 Bg4 10. h3 Bxf3 11. Qxf3 Re8 12. Ne4 Qe7 13. Bd2 Rad8 14. Bc3 Kh8
15. Nxf6 Qxf6 16. Qe4 Qd6 17. Rad1 f5 18. Qc4 Qd5 19. Qxd5 Rxd5 20. e4 fxe4 21.
Bxe4 Rxd1 22. Rxd1 Rd8 23. Rxd8+ Nxd8 24. f3 c6 25. Kf1 Ne6 26. Ke2 Nf4+ 27. Kf2
Kg8 28. Bd2 Kf7 29. g3 Ne6 30. b4 Nd4 31. c3 Nb5 {Game drawn by mutual
agreement} 1/2-1/2